 Dungeon Crawl Stone Soup version 0.19.0-22-gd96e5fe (webtiles) character file.

107 Exaltedone87 the Skirmisher (level 4, -2/35 HPs)
             Began as a Demonspawn Fighter on Nov 19, 2016.
             Slain by xnavy's ghost (11 damage)
             ... on level 3 of the Dungeon.
             The game lasted 00:05:07 (2379 turns).

Exaltedone87 the Skirmisher (Demonspawn Fighter)    Turns: 2379, Time: 00:05:08

Health: -2/35      AC:  6    Str: 23      XL:     4   Next: 57%
Magic:  4/4        EV:  7    Int:  9      God:
Gold:   168        SH:  9    Dex:  7 (12) Spells: 0 memorised, 3 levels left

rFire  . . .     SeeInvis .     a - +0 war axe
rCold  . . .     Gourm    .     b - +0 scale mail
rNeg   . . .     Faith    .     c - +0 shield
rPois  .         Spirit   .     (helmet restricted)
rElec  .         Reflect  .     (no cloak)
rCorr  .         Harm     .     (no gloves)
MR     .....                    (no boots)
Stlth  ..........               (no amulet)
                                (no ring)
                                (no ring)

@: mighty
A: horns 2, powered by death 1
a: no special abilities


You were on level 3 of the Dungeon.
You were not hungry.

You visited 1 branch of the dungeon, and saw 3 of its levels.

You collected 168 gold pieces.

Inventory:

Hand Weapons
 a - a +0 war axe (weapon)
Armour
 b - a +0 scale mail (worn)
 c - a +0 shield (worn)
 i - a +0 plate armour
Scrolls
 e - a scroll of enchant weapon {unknown}
 h - 4 scrolls of identify {unknown}
 l - a scroll of remove curse {unknown}
 n - a scroll of fear {unknown}
 o - 2 scrolls of blinking {unknown}
 p - a scroll of noise {unknown}
 u - 2 scrolls of recharging {unknown}
Potions
 d - a potion of might
 j - a potion of curing
 k - a potion of mutation {unknown}
 q - 2 potions of resistance {unknown}
 t - a potion of degeneration {unknown}
 x - a potion of beneficial mutation {unknown}
 z - a potion of agility {unknown}
 A - a potion of lignification {unknown}
Books
 v - a book of Maledictions

   Spells                             Type                      Level
   a - Corona                         Hexes                        1
   b - Ensorcelled Hibernation        Hexes/Ice                    2
   c - Confuse                        Hexes                        3
   d - Tukima's Dance                 Hexes                        3
   e - Dazzling Spray                 Conjuration/Hexes            3
Comestibles
 f - 3 bread rations
 g - 2 beef jerkies
 m - a meat ration
 r - a slice of pizza
 s - a chunk of flesh
 w - 3 fruits


   Skills:
 + Level 3.4 Fighting
 * Level 2.6 Axes
 * Level 3.4 Armour
 + Level 0.8 Dodging
 + Level 3.3 Shields


You had 3 spell levels left.
You didn't know any spells.

Dungeon Overview and Level Annotations

Branches:
Dungeon (3/15)

Altars:
Hepliaklqana

Annotations:
D:3 xnavy's ghost, weakling FeCK


Innate Abilities, Weirdness & Mutations

You have a pair of horns on your head.
You regenerate a little health from kills.


Message History

Your shield prevents you from hitting xnavy's ghost.
Your headbutt misses xnavy's ghost. Xnavy's ghost hits you!
You miss xnavy's ghost. Xnavy's ghost barely misses you.
Xnavy's ghost hits you!
* * * LOW HITPOINT WARNING * * *
It was a potion of curing.
You feel better. Xnavy's ghost closely misses you.
You feel very mighty all of a sudden.
Xnavy's ghost hits you but does no damage.
You miss xnavy's ghost.
Xnavy's ghost hits you but does no damage.
You miss xnavy's ghost. Xnavy's ghost hits you!
* * * LOW HITPOINT WARNING * * *
You block xnavy's ghost's attack.
You miss xnavy's ghost.
Xnavy's ghost twaddles, "I had a jolly good time in life, and I have a jolly good time now!"
Xnavy's ghost barely misses you.
You hit xnavy's ghost. Your headbutt misses xnavy's ghost.
Xnavy's ghost is lightly damaged.
Xnavy's ghost hits you!
You die...

####### #.....#
#### #.###.# #.#
...# #.#
#.#####....# ...#
#.# #..@W...# ...#
#.########......
...# #.....# ..#..
.....
##########.###.##
.#..####.#..
..................
..W ........
##########.###ยง###
#..##....(. ....#
#... #..#.......
###.# #.###
.......... #.# #.#
#..#..#.


You could see xnavy's ghost.

Vanquished Creatures
  A quasit (D:3)
  3 gnolls (D:2)
  A leopard gecko (D:3)
  A giant cockroach (D:1)
  4 goblins
  7 hobgoblins
  6 jackals
  5 kobolds
  2 quokkas (D:2)
  5 bats
  4 frilled lizards
  6 rats
45 creatures vanquished.

Notes
Turn   | Place    | Note
-------+----------+-------------------------------------------
     0 | D:1      | Exaltedone87 the Demonspawn Fighter began the quest for the Orb.
     0 | D:1      | Reached XP level 1. HP: 18/18 MP: 1/1
    54 | D:1      | Gained mutation: You have a pair of small horns on your head. [demonic ancestry]
    54 | D:1      | Reached XP level 2. HP: 24/24 MP: 2/2
   966 | D:2      | Gained mutation: You regenerate a little health from kills. [demonic ancestry]
   966 | D:2      | Reached XP level 3. HP: 19/29 MP: 3/3
  1414 | D:2      | Found a hazy altar of Hepliaklqana.
  1616 | D:3      | Gained mutation: You have a pair of horns on your head. [demonic ancestry]
  1616 | D:3      | Reached XP level 4. HP: 24/35 MP: 4/4
  2363 | D:3      | Noticed xnavy's ghost (weakling FeCK)
  2379 | D:3      | Slain by xnavy's ghost

Skill      XL: |  1  2 |
---------------+-------+-----
Shields        | 3 |  3.3
Axes           | 2 |  2.6
Armour         | 3 |  3.4
Fighting       | |  3.4
Dodging        | |  0.8

Action                   |  1- 3 |  4- 6 || total
-------------------------+-------+-------++-------
Melee: War axe           |   111 |    73 ||   184
       Headbutt          |    15 |     5 ||    20
  Use: Potion            |       |     3 ||     3
  Eat: Chunk             |     2 |     3 ||     5
Armor: Scale mail        |    74 |   102 ||   176
Dodge: Dodged            |    27 |    55 ||    82
Block: Shield            |    77 |    85 ||   162
